Map: Catalyst LE

Players

Lambo - Winner!

  • Race: Zerg Zerg
  • League: Master
  • Spawn Location: 5:00

GOStephano (Stephano)

  • Race: Zerg Zerg
  • League: Master
  • Spawn Location: 11:00

Event: HomeStory Cup XVII

VOD

Have the link to the VOD?

Description

Time

  • Played on: June 28, 2018, 9:04 a.m.
  • Length: 5:04

All games in this series

Show
View Real Time Build Order
Export as new Build Order

Lambo Zerg - Winner!

Build Orders: Hatch First 

Get SALT Encoding   

  12  0:00  Drone  
  13  0:12  Overlord  
  13  0:17  Drone  
  14  0:31  Drone x2  
  16  0:48  Hatchery  
  15  0:51  Drone  
  15  0:55  Drone  
  17  0:59  Drone  
  18  1:09  Extractor  
  17  1:13  Spawning Pool  
  17  1:17  Drone  
  17  1:20  Drone  
  18  1:27  Drone  
  19  1:38  Drone  
  20  1:50  Overlord  
  20  1:59  Queen x2  
  20  2:00  Drone x2  
  26  2:11  Drone x2  
  28  2:22  Drone x2  
  30  2:32  Overlord  
  30  2:35  Queen x2  
  34  2:38  Drone  
  35  2:46  Evolution Chamber  
  35  2:48  Drone x2  
  36  2:54  Drone x2  
  38  2:59  Roach Warren  
  38  3:02  Metabolic Boost  
  37  3:06  Drone  
  37  3:08  Drone  
  39  3:22  Overlord x2  
  39  3:23  Overlord  
  39  3:45  Roach x9  
  39  3:47  Roach  
  59  3:58  Roach, Zergling x6  
  62  4:08  Overlord, Zergling x2  
  63  4:16  Zergling x4  
  65  4:18  Zergling x4  
  65  4:22  Zergling x2  
  65  4:23  Overlord  
  68  4:28  Zergling x4  
  70  4:32  Ravager  
  70  4:33  Zergling x2  
  70  4:35  Zergling x2  
  73  4:41  Zergling x2  
  73  4:44  Zergling x2  
  72  4:46  Zergling x6  
  74  4:56  Ravager  
Show
View Real Time Build Order
Export as new Build Order

GOStephano Zerg 

Build Orders: Hatch First 

Get SALT Encoding   

  12  0:00  Drone  
  13  0:13  Overlord  
  13  0:18  Drone  
  14  0:31  Drone x2  
  16  0:48  Hatchery  
  15  0:52  Drone  
  15  0:56  Drone  
  17  0:59  Drone  
  18  1:10  Extractor  
  17  1:15  Spawning Pool  
  17  1:18  Drone  
  17  1:20  Drone  
  18  1:28  Drone  
  19  1:39  Drone  
  20  1:50  Drone  
  21  2:00  Overlord  
  21  2:01  Queen  
  21  2:02  Queen, Zergling x2  
  26  2:11  Drone  
  26  2:13  Metabolic Boost, Drone  
  28  2:22  Drone x2  
  30  2:35  Hatchery  
  29  2:42  Queen  
  31  2:45  Drone  
  31  2:47  Drone  
  33  2:53  Overlord  
  33  2:58  Drone x2  
  35  3:02  Overlord  
  35  3:06  Drone  
  35  3:12  Zergling x8  
  40  3:14  Zergling x2  
  41  3:21  Drone x3  
  41  3:22  Drone  
  45  3:28  Evolution Chamber  
  45  3:33  Drone x2  
  46  3:40  Extractor  
  44  3:45  Drone x4  
  44  3:48  Lair  
  48  3:49  Extractor  
  48  3:51  Drone x3  
  50  3:59  Drone x3  
  50  4:04  Drone x2  
  50  4:09  Roach Warren  
  50  4:18  Overlord  
  50  4:23  Spine Crawler  
  48  4:24  Spine Crawler  
  48  4:25  Zergling x6  
  48  4:29  Spine Crawler  
  48  4:30  Zergling x6  
  52  4:35  Zergling x2  
  52  4:36  Zergling x4  
  55  4:42  Zergling x8  
  57  4:52  Spine Crawler  
  59  4:55  Spine Crawler  
  57  5:02  Spine Crawler  
Tags
 
Add a new tag
Caveats
  • Supply blocks, unpowered buildings, or Contaminate may cause inaccurate times.
  • Supply counts are checked every 10 seconds.